cohdb
Replays
Latest Replays
All Replays
Popular Replays
Top Player Replays
Match Explorer
How It Works
Community
CoH3 Stats
Reddit
Sign in to upload your games and track your stats! →
Sign in with Steam
Match 42353401
Unlisted
Match 42353401
Overview
Messages
Build Orders
End
Construct Barracks
Engineer Squad
Selects Heavy Weapons
1⁄4-ton 4x4 Truck
Riflemen Squad
Riflemen Squad
Riflemen Squad
Infantry Support Center
Construct Motor Pool
M8 Greyhound Armored Car
Construct Medical Station
Selects M2HB .50cal Heavy Machine Gun
Selects Assault Carriers
Selects Exchangeable Parts
M1918 Browning Automatic Rifles
Mortar Pit
M1 Anti-tank Gun Team
Construct Tank Depot
Engineer Squad
Grenade Package
M4(105) Sherman Bulldozer
Riflemen Squad
M18 Hellcat Tank Destroyer
Selects M26 Pershing Heavy Tank
M26 Pershing Heavy Tank
Selects Gallant Stand
Selects Black Dragon Artillery Barrage
Black Dragon Artillery Barrage
TantheMan415
Мальвина
Nukepapa
Sarpistic
0
0
Comments
sign in to comment!
No comments posted yet!